 Dungeon Crawl Stone Soup version 0.21-a0-286-g6fcecc0 (console) character file.

85 Gottschkopf the Covert (level 4, -2/22 HPs)
             Began as a Spriggan Assassin on Sept 28, 2017.
             Killed from afar by an orc wizard (7 damage)
             ... with a magic dart
             ... on level 3 of the Dungeon.
             The game lasted 00:08:26 (2378 turns).

Gottschkopf the Covert (Spriggan Assassin)          Turns: 2378, Time: 00:08:26

Health: -2/22      AC:  3    Str:  7    XL:     4   Next: 25%
Magic:  5/5        EV: 17    Int: 12    God:
Gold:   149        SH:  0    Dex: 18    Spells: 3/3 levels left

rFire    . . .     SeeInvis +   a - +2 dagger
rCold    . . .     Gourm    .   (shield restricted)
rNeg     . . .     Faith    .   c - +0 robe
rPois    .         Spirit   .   (helmet restricted)
rElec    .         Reflect  .   d - +0 cloak
rCorr    .         Harm     .   (gloves unavailable)
MR       .....                  (boots unavailable)
Stlth    ++++......             (no amulet)
HPRegen  0.07/turn              (no ring)
MPRegen  0.09/turn              (no ring)

@: flying, very quick
A: unfitting armour, see invisible, herbivore 3, speed 3, slow metabolism 2
a: no special abilities


You were on level 3 of the Dungeon.
You were not hungry.

You visited 1 branch of the dungeon, and saw 3 of its levels.

You collected 149 gold pieces.

Inventory:

Hand Weapons
 a - a +2 dagger (weapon)
 b - a +0 blowgun
Missiles
 e - 56 poisoned needles
 f - 2 curare-tipped needles
Armour
 c - a +0 robe (worn)
 d - a +0 cloak (worn)
 r - a +2 buckler
Jewellery
 n - an uncursed ring of fire
Scrolls
 h - 2 scrolls of random uselessness {unknown}
 k - 4 scrolls of identify {unknown}
 l - 2 scrolls of remove curse {unknown}
 q - 3 scrolls of magic mapping {unknown}
 t - 2 scrolls of enchant armour {unknown}
 v - a scroll of amnesia {unknown}
Potions
 i - a potion of heal wounds {unknown}
 j - 2 potions of brilliance {unknown}
 o - 2 potions of flight
 p - 3 potions of agility {unknown}
 s - a potion of degeneration {unknown}
 u - a potion of lignification {unknown}
 w - a potion of invisibility {unknown}
 x - a potion of magic {unknown}
 z - a potion of resistance {unknown}
Comestibles
 g - a bread ration
 m - 2 royal jellies


   Skills:
 - Level 1.5 Fighting
 + Level 3.2 Short Blades
 - Level 2.0 Throwing
 - Level 1.5 Dodging
 - Level 8.0 Stealth


You had 3 spell levels left.
You didn't know any spells.

Dungeon Overview and Level Annotations

Branches:
Dungeon (3/15)

Altars:
Gozag
Ru


Innate Abilities, Weirdness & Mutations

You are very small and have problems with some larger weapons.
You are too small for most types of armour.
You have supernaturally acute eyesight. (SInv)
You are a herbivore.
You cover ground extremely quickly.
You need consume almost no food.


Message History

You hit the orc wizard.
The orc wizard is moderately wounded.
The orc wizard gestures at you while chanting.
The magic dart hits you! The orc wizard misses you.
You hit the orc wizard but do no damage.
The orc wizard is moderately wounded.
The orc wizard hits you with a dagger.
Unknown command.
You hit the orc wizard.
The orc wizard is heavily wounded.
The orc wizard hits you with a dagger.
You are too injured to fight recklessly!
You are too injured to fight recklessly!
It was a potion of flight.
You feel very buoyant.
You fly up into the air.
The orc wizard hits you with a dagger.
* * * LOW HITPOINT WARNING * * *
The orc wizard points at you and mumbles some strange words.
The magic dart hits you!
You die...

##..# #.# #..#
..o...# ##.##.#....#
#.##.#....#
♣o♣#.#....#
#.........#
##♣#♣?♣.♣.....#
#.......o.....#
#.♣#♣.♣@♣#....######
#........#.........#
##..♣.♣..#..o......#
#.......#.........#
#######.#.........#
#..##.......#
##.##.####### #..#.#
##.#.#


You could see an orc wizard.

Vanquished Creatures
  2 adders (D:3)
  An ooze (D:1)
  A worm (D:2)
  4 dart slugs
  A leopard gecko (D:1)
  3 orcs
  3 giant cockroaches (D:1)
  8 goblins
  6 hobgoblins
  A ball python (D:3)
  3 bats
  5 frilled lizards
  4 kobolds
  9 rats
51 creatures vanquished.

Notes
Turn   | Place    | Note
-------+----------+-------------------------------------------
     0 | D:1      | Gottschkopf the Spriggan Assassin began the quest for the Orb.
     0 | D:1      | Reached XP level 1. HP: 10/10 MP: 2/2
     6 | D:1      | Noticed a black mamba
     6 | D:1      | Noticed a komodo dragon
     6 | D:1      | Noticed a polar bear
    11 | D:1      | Reached skill level 6 in Stealth
    89 | D:1      | Reached XP level 2. HP: 14/14 MP: 3/3
   166 | D:1      | Reached skill level 7 in Stealth
   711 | D:1      | Reached XP level 3. HP: 18/18 MP: 4/4
   933 | D:2      | Found a sacrificial altar of Ru.
  1071 | D:2      | Found an opulent altar of Gozag.
  1805 | D:3      | Reached skill level 8 in Stealth
  2012 | D:3      | Reached XP level 4. HP: 22/22 MP: 5/5
  2378 | D:3      | Killed from afar by an orc wizard

Vault maps used:
D:1:      onia_arrival_zoo_common
D:2:      lemuel_round_altar, minivault_26, nicolae_gozag_seed_capital
D:3:      serial_forest, infiniplex_forest_split, infiniplex_forest_lined_4_way,
          infiniplex_forest_clump_small, infiniplex_forest_straight_2,
          infiniplex_forest_3_way, infiniplex_forest_straight_4, uniq_sigmund

Skill      XL: |  1  2  3 |
---------------+----------+-----
Stealth        | 6 7 8 |  8.0
Short Blades   | 3 |  3.2
Fighting       | |  1.5
Throwing       | |  2.0
Dodging        | |  1.5

Action                   |  1- 3 |  4- 6 || total
-------------------------+-------+-------++-------
Melee: Dagger            |   111 |    38 ||   149
 Fire: Blowgun           |    12 |       ||    12
  Use: Potion            |       |     1 ||     1
 Stab: Sleeping          |    20 |     1 ||    21
       Distracted        |     1 |       ||     1
Armor: Robe              |     7 |     4 ||    11
Dodge: Dodged            |    62 |    21 ||    83

Table legend:
 A = Spawn XP
 B = Non-spawn XP
 C = Spawn XP percentage of total XP
 D = Spawn monster count
 E = Non-spawn monster count
 F = Spawn count percentage of total count
 G = Total turns spent on level
                    A         B        C        D         E        F      G
               +---------+---------+-------+---------+---------+-------+---------
         Total |       0 |     122 |   0.0 |       0 |      51 |   0.0 |  2378
               +---------+---------+-------+---------+---------+-------+---------
           D:1 |       0 |      46 |   0.0 |       0 |      24 |   0.0 |   888
           D:2 |       0 |      22 |   0.0 |       0 |      10 |   0.0 |   665
           D:3 |       0 |      54 |   0.0 |       0 |      17 |   0.0 |   825
               +---------+---------+-------+---------+---------+-------+---------
